 Dungeon Crawl Stone Soup version 0.29.1-2-gbd0b4ee654 (webtiles) character file.

Game seed: 4649501653738904535

728 cdecastro the Poker (level 7, -7/60 HPs)
             Began as a Gnoll Cinder Acolyte on Nov 1, 2022.
             Was a High Priest of Ignis.
             Succumbed to a gnoll sergeant's poison
             ... on level 4 of the Dungeon on Nov 2, 2022.
             The game lasted 00:13:31 (6741 turns).

cdecastro the Poker (Gnoll Cinder Acolyte)          Turns: 6741, Time: 00:13:31

Health: -7/60      AC:  3    Str: 13    XL:     7   Next: 72%
Magic:  5/13       EV: 12    Int: 21    God:    Ignis [*****.]
Gold:   103        SH:  0    Dex:  8    Spells: 1/14 levels left

rFire   + + .      SeeInvis .   A - +3 dagger of Contumacious Courage {speed, Int+6}
rCold   . . .      Faith    .   (no shield)
rNeg    . . .      Spirit   .   b - +0 robe
rPois   .          Reflect  .   C - +0 helmet
rElec   .          Harm     .   (no cloak)
rCorr   .          Rampage  .   (no gloves)
Will    .....                   (no boots)
Stlth   ++........              (no amulet)
HPRegen 0.20/turn               d - ring of protection from fire
MPRegen 0.13/turn               (no ring)

@: lethally poisoned (-7 -> -50)
A: fangs 1, strong nose, distributed training
a: Renounce Religion, Fiery Armour, Foxfire Swarm, Rising Flame


You were on level 4 of the Dungeon.
You worshipped Ignis.
Ignis was extremely pleased with you.
You visited 1 branch of the dungeon, and saw 5 of its levels.
You also visited: Ossuary.

You collected 313 gold pieces.
You spent 210 gold pieces at shops.

Inventory:

Hand Weapons
 a - a -1 spear of flaming
 c - a +2 vampiric dagger
 A - the +3 dagger of Contumacious Courage (weapon) {speed, Int+6}
   (You bought it in a shop on level 4 of the Dungeon)

   Attacks with this weapon are significantly faster.
   Int:       It affects your intelligence (+6).
 E - a +1 war axe of flaming
 F - a +1 dagger of venom
Missiles
 f - 20 stones
 k - 11 poisoned darts
 r - 2 throwing nets
 B - 3 boomerangs
 D - 5 silver boomerangs
Armour
 b - a +0 robe (worn)
 C - a +0 helmet (worn)
Magical Staves
 I - a staff of fire
Jewellery
 d - a ring of protection from fire (left hand)
Wands
 w - a wand of roots (10)
Scrolls
 h - 2 scrolls of fog {unknown}
 i - 7 scrolls of identify {unknown}
 j - a scroll of blinking {unknown}
 l - 3 scrolls of amnesia {unknown}
 o - 2 scrolls of vulnerability {unknown}
 p - 2 scrolls of teleportation {unknown}
 t - a scroll of silence {unknown}
 x - a scroll of fear {unknown}
 y - a scroll of poison {unknown}
 G - 2 scrolls of immolation {unknown}
Potions
 e - 2 potions of curing {unknown}
 g - a potion of cancellation {unknown}
 m - a potion of magic {unknown}
 n - 2 potions of resistance {unknown}
 q - 2 potions of invisibility {unknown}
 s - 2 potions of degeneration {unknown}
 u - a potion of attraction {unknown}
 v - 2 potions of flight {unknown}
 z - a potion of haste {unknown}
 H - a potion of lignification {unknown}


   Skills:
 + Level 7.1 Fighting
 + Level 2.8 Short Blades
 + Level 2.8 Long Blades
 + Level 2.8 Axes
 + Level 2.8 Maces & Flails
 + Level 7.1 Polearms
 + Level 2.8 Staves
 + Level 2.8 Ranged Weapons
 + Level 2.8 Throwing
 + Level 2.8 Armour
 + Level 2.8 Dodging
 + Level 2.8 Stealth
 + Level 2.8 Shields
 + Level 2.8 Unarmed Combat
 + Level 4.0 Spellcasting
 + Level 2.2 Conjurations
 + Level 2.2 Hexes
 + Level 2.2 Summonings
 + Level 2.2 Necromancy
 + Level 2.2 Translocations
 + Level 2.2 Transmutations
 + Level 5.9 Fire Magic
 + Level 2.2 Ice Magic
 + Level 2.2 Air Magic
 + Level 2.2 Earth Magic
 + Level 2.2 Poison Magic
 + Level 3.1 Invocations
 + Level 2.8 Evocations


You had one spell level left.
You knew the following spells:

 Your Spells              Type           Power      Damage    Failure   Level
a - Scorch                Fire           58%        2d7       1%          2
b - Ensorcelled Hibernat  Hex/Ice        26%        N/A       7%          2
c - Ignite Poison         Fire/Tmut/Pois 18%        N/A       9%          3
d - Mephitic Cloud        Conj/Pois/Air  13%        N/A       14%         3
e - Swiftness             Air            13%        N/A       14%         3

Your spell library contained the following spells:

 Spells                   Type           Power      Damage    Failure   Level
 Sandblast                Erth           26%        2d8       4%          1
 Passwall                 Tmut/Erth      10%        N/A       7%          2
 Stone Arrow              Conj/Erth      26%        3d8       14%         3
 Freezing Cloud           Conj/Ice/Air   6%         6-21      78%         5


Dungeon Overview and Level Annotations

Branches:
Dungeon (5/15)            Ossuary (visited)
 Temple: D:4-7

Altars:

Shops:
D:4 (


Innate Abilities, Weirdness & Mutations

You have very sharp teeth.
Your uncanny sense of smell can sniff out nearby items.
Your experience applies equally to all skills.


Message History

HP restored.
You climb downwards.
The gnoll sergeant hits you with a +1 spear of venom.
You are poisoned.
There is a stone staircase leading up, spattered with blood here.
Unknown command.
You feel very sick.
The gnoll sergeant hits you with a +1 spear of venom.
You climb upwards.
You feel very sick.
There is a stone staircase leading down here.
Unknown command.
Casting: Scorch (safe; 1% risk of failure)
Press: ? - help, Q - select action, (/) - cycle Dir - look around, f - activate Flames lash the gnoll sergeant.
The gnoll sergeant is burned terribly!
The gnoll sergeant is moderately wounded.
You feel sick.
The gnoll sergeant hits you with a +1 spear of venom.
You are more poisoned.
Casting: Scorch (safe; 1% risk of failure)
Press: ? - help, Q - select action, (/) - cycle Dir - look around, f - activate Flames lash the gnoll sergeant but do no damage.
You feel very sick.
The gnoll sergeant hits you with a +1 spear of venom!
* * * LOW HITPOINT WARNING * * *
You are lethally poisoned!
Casting: Scorch (safe; 1% risk of failure)
Press: ? - help, Q - select action, (/) - cycle Dir - look around, f - activate Flames lash the gnoll sergeant.
The gnoll sergeant is burned terribly!
The gnoll sergeant is heavily wounded.
* * * LOW HITPOINT WARNING * * *
You feel extremely sick.
The gnoll sergeant hits you with a +1 spear of venom!
* * * LOW HITPOINT WARNING * * *
You are more poisoned.
Casting: Scorch (safe; 1% risk of failure)
Press: ? - help, Q - select action, (/) - cycle Dir - look around, f - activate Flames lash the gnoll sergeant.
The gnoll sergeant is burned terribly!
You kill the gnoll sergeant!
You die...

#.# #####.##### #.# ##...##
#.### #.....# #...# ##...##
#...####### ####.....###
#.........####.#.......#.
######....######.#............
#.............................
#............@.#.#............
#...........)..####.#.......#.
##.##.#....###.########.....###
#..######.........## ##...##
#'#######[.........## #.....#
##...#..[##.........####...####
#.>.#..[##..........####.## #.
#...#...##...........##...###.
##########.)..##......##.##.#.


There were no monsters in sight!

Vanquished Creatures
  A phantom (D:4)
  2 gnoll sergeants
  A howler monkey (D:4)
  A jelly (D:5)
  3 orc priests
  2 hounds
  An iguana (D:4)
  3 orc wizards
  13 gnolls
  7 adders
  2 worms (D:3)
  2 dart slugs
  10 orcs
  4 bats
  6 endoplasms
  6 giant cockroaches
  3 goblins
  5 hobgoblins
  7 jackals
  2 quokkas
  6 ball pythons
  A frilled lizard (D:1)
  A gnoll zombie (Ossuary)
  8 kobolds
  7 rats
104 creatures vanquished.

Notes
Turn   | Place    | Note
-------+----------+-------------------------------------------
     0 | D:1      | cdecastro the Gnoll Cinder Acolyte began the quest for the
                  | Orb.
     0 | D:1      | Reached XP level 1. HP: 23/23 MP: 4/4
   276 | D:1      | Found a faded altar of an unknown god.
   496 | D:1      | Reached XP level 2. HP: 15/29 MP: 5/5
   499 | D:1      | Learned a level 2 spell: Scorch
  1275 | D:1      | Reached XP level 3. HP: 30/35 MP: 7/7
  1566 | D:2      | Reached skill level 1 in Invocations
  1665 | D:2      | Reached skill level 1 in Short Blades
  1665 | D:2      | Reached skill level 1 in Long Blades
  1665 | D:2      | Reached skill level 1 in Axes
  1665 | D:2      | Reached skill level 1 in Maces & Flails
  1665 | D:2      | Reached skill level 1 in Staves
  1665 | D:2      | Reached skill level 1 in Ranged Weapons
  1665 | D:2      | Reached skill level 1 in Throwing
  1665 | D:2      | Reached skill level 1 in Armour
  1665 | D:2      | Reached skill level 1 in Dodging
  1665 | D:2      | Reached skill level 1 in Stealth
  1665 | D:2      | Reached skill level 1 in Shields
  1665 | D:2      | Reached skill level 1 in Unarmed Combat
  1665 | D:2      | Reached skill level 1 in Evocations
  1791 | D:2      | Reached XP level 4. HP: 41/41 MP: 3/8
  2101 | D:2      | Reached skill level 1 in Conjurations
  2101 | D:2      | Reached skill level 1 in Hexes
  2101 | D:2      | Reached skill level 1 in Summonings
  2101 | D:2      | Reached skill level 1 in Necromancy
  2101 | D:2      | Reached skill level 1 in Translocations
  2101 | D:2      | Reached skill level 1 in Transmutations
  2101 | D:2      | Reached skill level 1 in Ice Magic
  2101 | D:2      | Reached skill level 1 in Air Magic
  2101 | D:2      | Reached skill level 1 in Earth Magic
  2101 | D:2      | Reached skill level 1 in Poison Magic
  2714 | D:2      | Reached XP level 5. HP: 32/47 MP: 2/9
  3613 | D:3      | Reached XP level 6. HP: 25/53 MP: 3/11
  4621 | D:4      | Found Wynozed's Antique Weapon Boutique.
  4634 | D:4      | Bought a crude dagger for 210 gold pieces
  4634 | D:4      | Identified the +3 dagger of Contumacious Courage {speed,
                  | Int+6} (You bought it in a shop on level 4 of the Dungeon)
  4749 | D:4      | Found a sand-covered staircase.
  4781 | Ossuary  | Entered an ossuary
  4877 | D:4      | Reached XP level 7. HP: 31/59 MP: 1/12
  5087 | D:4      | Learned a level 2 spell: Ensorcelled Hibernation
  5091 | D:4      | Learned a level 3 spell: Ignite Poison
  5095 | D:4      | Learned a level 3 spell: Mephitic Cloud
  5099 | D:4      | Learned a level 3 spell: Swiftness
  5937 | D:5      | Entered Level 5 of the Dungeon
  6439 | D:4      | HP: 3/60 [poisoned by a gnoll sergeant]
  6441 | D:4      | HP: 1/60 [poisoned by a gnoll sergeant]
  6740 | D:4      | HP: 2/60 [gnoll sergeant/+1 spear of venom (14)]
  6741 | D:4      | Succumbed to a gnoll sergeant's poison

Illustrated notes

Levels and vault maps discovered:
D:1:      dpeg_arrival_fog, layout_loops_corners,
          dreamdust_ecumenical_altar_angels_and_demons, moated_statue
D:2:      layout_rooms
D:3:      layout_basic
D:4:      layout_basic, serial_shops, shop,
          nicolae_ossuary_entry_false_entrances, chequers_serial_rivers_small_b,
          corexii_item_surrounded_by_moat, nicolae_figureground_sparkle
D:5:      minmay_razor_zed, layout_loops_cross,
          nicolae_uskayaw_murder_on_the_dancefloor, minmay_temple_entry_fiery,
          serial_rivers, chequers_serial_rivers_micro_b,
          chequers_serial_rivers_large_b, chequers_serial_rivers_small_b,
          chequers_serial_rivers_marsh, chequers_serial_rivers_micro_d,
          chequers_serial_rivers_small_b, nicolae_shop_fire_sale
          [nicolae_sub_dead_trees]

Skill      XL: |  1  2  3  4  5  6  7 |
---------------+----------------------+-----
Invocations    | 1 2 3 |  3.1
Short Blades   | 1 2 |  2.8
Long Blades    | 1 2 |  2.8
Axes           | 1 2 |  2.8
Maces & Flails | 1 2 |  2.8
Staves         | 1 2 |  2.8
Ranged Weapons | 1 2 |  2.8
Throwing       | 1 2 |  2.8
Armour         | 1 2 |  2.8
Dodging        | 1 2 |  2.8
Stealth        | 1 2 |  2.8
Shields        | 1 2 |  2.8
Unarmed Combat | 1 2 |  2.8
Evocations     | 1 2 |  2.8
Spellcasting   | 3 4 |  4.0
Conjurations   | 1 2 |  2.2
Hexes          | 1 2 |  2.2
Summonings     | 1 2 |  2.2
Necromancy     | 1 2 |  2.2
Translocations | 1 2 |  2.2
Transmutations | 1 2 |  2.2
Ice Magic      | 1 2 |  2.2
Air Magic      | 1 2 |  2.2
Earth Magic    | 1 2 |  2.2
Poison Magic   | 1 2 |  2.2
Fighting       | 7 |  7.1
Polearms       | 7 |  7.1
Fire Magic     | |  5.9

Action                   |  1- 3 |  4- 6 |  7- 9 || total
-------------------------+-------+-------+-------++-------
Melee: Dagger            |   104 |   131 |    28 ||   263
       Spear             |     3 |       |       ||     3
       Bite              |    16 |    13 |     5 ||    34
       Punch             |     3 |     1 |       ||     4
Throw: Dart              |       |       |     4 ||     4
 Cast: Scorch            |     8 |    60 |    38 ||   106
 Stab: Sleeping          |     1 |     2 |       ||     3
Armor: Robe              |    27 |    28 |     3 ||    58
Dodge: Dodged            |    64 |    97 |    17 ||   178
